 Dungeon Crawl Stone Soup version 0.19.4-8-ga85b6b9 (webtiles) character file.

188 Naow the Conjurer (level 5, 0/28 HPs)
             Began as a Deep Elf Conjurer on Feb 13, 2017.
             Slain by a giant cockroach (2 damage)
             ... on level 3 of the Dungeon.
             The game lasted 00:03:48 (2847 turns).

Naow the Conjurer (Deep Elf Conjurer)               Turns: 2847, Time: 00:03:49

Health: 0/28       AC:  2    Str:  5    XL:     5   Next: 39%
Magic:  14/14      EV: 13    Int: 21    God:
Gold:   94         SH:  0    Dex: 15    Spells: 4 memorised, 1 level left

rFire  . . .     SeeInvis .     (no weapon)
rCold  . . .     Gourm    .     a - +0 robe
rNeg   . . .     Faith    .     (no shield)
rPois  .         Spirit   .     (no helmet)
rElec  .         Reflect  .     (no cloak)
rCorr  .         Harm     .     (no gloves)
MR     .....                    (no boots)
Stlth  ++........               (no amulet)
                                (no ring)
                                (no ring)

@: no status effects
A: no striking features
a: no special abilities


You were on level 3 of the Dungeon.
You were not hungry.

You visited 1 branch of the dungeon, and saw 3 of its levels.

You collected 94 gold pieces.

Inventory:

Armour
 a - a +0 robe (worn)
Jewellery
 o - a cursed ring of loudness {unknown}
Wands
 h - a wand of slowing (31/48)
 r - a wand of acid (6/15)
Scrolls
 d - 4 scrolls of identify {unknown}
 e - a scroll of magic mapping {unknown}
 f - 2 scrolls of enchant weapon {unknown}
 m - 2 scrolls of recharging {unknown}
 n - a scroll of immolation {unknown}
 p - a scroll of teleportation {unknown}
 q - a scroll of vulnerability {unknown}
Potions
 g - a potion of invisibility {unknown}
 i - a potion of brilliance {unknown}
 j - a potion of curing {unknown}
 k - 2 potions of might {unknown}
 s - a potion of flight {unknown}
Books
 b - a book of Conjurations

   Spells                             Type                      Level
   a - Magic Dart                     Conjuration                  1
   b - Searing Ray                    Conjuration                  2
   c - Dazzling Spray                 Conjuration/Hexes            3
   d - Fulminant Prism                Conjuration/Hexes            4
   e - Iskenderun's Mystic Blast      Conjuration                  4
   f - Iskenderun's Battlesphere      Conjuration/Charms           5
Comestibles
 c - 2 bread rations
 l - a beef jerky
 t - a chunk of flesh


   Skills:
 - Level 2.4 Dodging
 - Level 2.4 Stealth
 + Level 4.7 Spellcasting
 * Level 6.6 Conjurations
 + Level 0.8 Charms


You had one spell level left.
You knew the following spells:

 Your Spells              Type           Power        Failure   Level  Hunger
a - Magic Dart            Conj           ####         1%          1    None
b - Searing Ray           Conj           ####..       1%          2    #......
c - Iskenderun's Battles  Conj/Chrm      ###.....     78%         5    ######.
d - Iskenderun's Mystic   Conj           ####....     10%         4    ####...


Dungeon Overview and Level Annotations

Branches:
Dungeon (3/15)

Altars:
Kikubaaqudgha
Ru

Annotations:
D:2 Natasha
D:3 Perturabo's ghost, amateur HOFi


Message History

a mace; a ring mail Eating one of 3 chunks of flesh.
You start eating one of the 3 chunks of flesh.
This raw flesh tastes terrible.
You are feeling hungry.
Eating one of 2 chunks of flesh.
You start eating one of the 2 chunks of flesh.
This raw flesh tastes terrible.
There is a stone staircase leading down here.
Casting: Searing Ray
Confirm with . or Enter, or press ? or * to list all spells.
You can't see any susceptible monsters within range! (Use Z to cast anyway.)
You climb downwards.
Level annotation: Perturabo's ghost, amateur HOFi Perturabo's ghost closely misses you.
Perturabo's ghost hits you!
There is a stone staircase leading up, spattered with blood here.
Perturabo's ghost hits you!
* * * LOW HITPOINT WARNING * * *
The giant cockroach bites you.
You die...

..## ... ..
#####.#####
..###!.........
.............
#..........
#.W@.......
#.....s........
#####(..<..+###
#......#
#.>....#
#....).#
####..## ..#


You could see Perturabo's ghost and a giant cockroach.

Vanquished Creatures
  Terence (D:2)
  12 gnolls
  An adder (D:2)
  A worm (D:2)
  3 giant cockroaches
  6 goblins
  6 hobgoblins
  4 kobolds
  5 bats
  2 frilled lizards
  7 rats
48 creatures vanquished.

Notes
Turn   | Place    | Note
-------+----------+-------------------------------------------
     0 | D:1      | Naow the Deep Elf Conjurer began the quest for the Orb.
     0 | D:1      | Reached XP level 1. HP: 10/10 MP: 6/6
   357 | D:1      | Reached XP level 2. HP: 15/15 MP: 6/8
   881 | D:1      | Reached skill level 5 in Conjurations
  1098 | D:1      | Reached XP level 3. HP: 19/19 MP: 8/10
  1466 | D:2      | Found a sacrificial altar of Ru.
  1786 | D:2      | Learned a level 2 spell: Searing Ray
  1811 | D:2      | Found a faded altar of an unknown god.
  1811 | D:2      | Found an ancient bone altar of Kikubaaqudgha.
  1816 | D:2      | Found a faded altar of an unknown god.
  1818 | D:2      | Found a faded altar of an unknown god.
  1828 | D:2      | Found a faded altar of an unknown god.
  1905 | D:2      | Reached XP level 4. HP: 24/24 MP: 8/12
  2076 | D:2      | Reached skill level 6 in Conjurations
  2239 | D:2      | Reached XP level 5. HP: 11/28 MP: 8/13
  2534 | D:2      | Noticed Natasha
  2692 | D:3      | Noticed an ogre
  2725 | D:2      | Learned a level 5 spell: Iskenderun's Battlesphere
  2730 | D:2      | Learned a level 4 spell: Iskenderun's Mystic Blast
  2796 | D:3      | Noticed Terence
  2796 | D:3      | Noticed Perturabo's ghost (amateur HOFi)
  2803 | D:2      | Killed Terence
  2847 | D:3      | Slain by a giant cockroach

Skill      XL: |  1  2  3  4 |
---------------+-------------+-----
Conjurations   | 5 6 |  6.6
Spellcasting   | 4 |  4.7
Dodging        | |  2.4
Stealth        | |  2.4
Charms         | |  0.8

Action                   |  1- 3 |  4- 6 || total
-------------------------+-------+-------++-------
 Cast: Magic Dart        |    67 |    45 ||   112
       Searing Ray       |       |     2 ||     2
  Eat: Chunk             |     3 |     3 ||     6
Dodge: Dodged            |     6 |     5 ||    11
